 Dungeon Crawl Stone Soup version 0.27.1-33-g824d729ab1 (webtiles) character file.

Game seed: 2989542357537017267

303 pkoi the Caller (level 6, -1/45 HPs)
             Began as a Draconian Summoner on Nov 30, 2021.
             Was an Initiate of Makhleb.
             Killed by divine providence
             ... invoked by an orc priest
              (12 damage)
             ... on level 4 of the Dungeon.
             The game lasted 00:06:54 (3967 turns).

pkoi the Caller (Draconian Summoner)                Turns: 3967, Time: 00:06:55

Health: -1/45      AC:  7    Str: 10    XL:     6   Next: 15%
Magic:  2/10       EV: 16    Int: 17    God:    Makhleb [......]
Gold:   112        SH:  5    Dex: 12    Spells: 5/11 levels left

rFire    . . .     SeeInvis .     - Unarmed
rCold    . . .     Faith    .   (no shield)
rNeg     . . .     Spirit   .   (armour unavailable)
rPois    .         Reflect  +   (helmet restricted)
rElec    .         Harm     .   e - +0 cloak
rCorr    .         Rampage  .   (no gloves)
Will     .....                  (no boots)
Stlth    ++........             g - amulet of reflection
HPRegen  0.15/turn              a - +4 ring of slaying
MPRegen  0.12/turn              d - +4 ring of evasion

@: very slightly contaminated
A: AC +6, unfitting armour, cold-blooded
a: Renounce Religion


You were on level 4 of the Dungeon.
You worshipped Makhleb.
Makhleb was noncommittal.
You visited 2 branches of the dungeon, and saw 5 of its levels.

You collected 151 gold pieces.
You spent 39 gold pieces at shops.

Inventory:

Hand Weapons
 c - a +0 whip of protection
Missiles
 h - 23 poisoned darts
 o - 7 datura-tipped darts
Armour
 e - a +0 cloak (worn)
Jewellery
 a - a +4 ring of slaying (left hand)
 d - a +4 ring of evasion (right hand)
 g - an amulet of reflection (around neck)
 k - an amulet of regeneration
 t - a +6 ring of dexterity
Wands
 l - a wand of polymorph (8)
 n - a wand of digging (2)
Scrolls
 f - a scroll of enchant weapon {unknown}
 j - 4 scrolls of identify
 m - a scroll of fear {unknown}
 p - a scroll of teleportation {unknown}
 r - a scroll of enchant armour {unknown}
 s - a scroll of blinking {unknown}
Potions
 b - 7 potions of curing
 i - a potion of brilliance
 q - a potion of lignification {unknown}


   Skills:
 - Level 1.7 Dodging
 - Level 1.7 Stealth
 + Level 3.6 Unarmed Combat
 + Level 3.1 Spellcasting
 + Level 5.5 Summonings
 + Level 1.2 Invocations


You had 5 spell levels left.
You knew the following spells:

 Your Spells              Type           Power      Damage    Failure   Level
a - Summon Small Mammal   Summ           84%        N/A       1%          1
b - Call Imp              Summ           21%        N/A       2%          2
c - Call Canine Familiar  Summ           21%        N/A       5%          3

Your spell library contained the following spells:

 Spells                   Type           Power      Damage    Failure   Level
 Magic Dart               Conj           8%         1d3       17%         1
 Summon Guardian Golem    Hex/Summ       12%        N/A       17%         3
 Mephitic Cloud           Conj/Pois/Air  2%         N/A       45%         3
 Summon Lightning Spire   Summ/Air       12%        N/A       50%         4
 Storm Form               Tmut/Air       1%         N/A       100%        7
 Maxwell's Capacitive Co  Air            1%         ∞         100%        8


Dungeon Overview and Level Annotations

Branches:
Dungeon (4/15)             Temple (1/1) D:4

Altars:
Elyvilon
Fedhas
Gozag
Makhleb
Okawaru
Uskayaw
Vehumet
Yredelemnul
Zin
The Shining One

Shops:
D:2 *

Annotations:
D:2 1 runed translucent door, Crazy Yiuf


Innate Abilities, Weirdness & Mutations

Your plain brown scales are hard. (AC +6)
You cannot fit into any form of body armour.
You are cold-blooded and may be slowed by cold attacks.


Message History

Your crimson imp blinks!
Dowan points at you and mumbles some strange words.
The shard of ice hits you!
* * * LOW HITPOINT WARNING * * *
Your crimson imp hits Dowan.
Casting: Call Imp (safe; 3% risk of failure)
Confirm with . or Enter, or press ? or * to list all spells.
A beastly little devil appears in a puff of flame.
You punch Dowan!
You kill Dowan!
Makhleb accepts your kill.
An orc priest comes into view. It is wielding a +0 club.
You have reached level 6!
Your experience leads to an increase in your attributes!
Increase (S)trength, (I)ntelligence, or (D)exterity?
You feel clever.
Your scales feel tougher.
Your crimson imp blinks!
Your crimson imp blinks!
Your crimson imp blinks!
Your crimson imp disappears in a puff of smoke!
Casting: Call Imp (safe; 2% risk of failure)
Confirm with . or Enter, or press ? or * to list all spells.
You miscast Call Imp.
You are very lightly contaminated with residual magic.
Nothing appears to happen.
What are your orders? t - Shout!
Orders for allies: a - Attack new target. r - Retreat! s - Stop attacking. g - Guard the area. f - Follow me.
Anything else - Cancel.
Gang up on whom?
Press: ? - help, Dir - move target, f - orc priest
Aim: an orc priest, wielding a +0 club Attack!
The orc priest looks encouraged for a moment.
Your crimson imp barely misses the orc priest.
The orc priest mumbles some strange prayers to Beogh against you.
Beogh smites you!
You die...

###### ##.## ..... #...# ....
#..## ##... #..# #... ##..# ##..
#...# #..# ##...#
#..#############....## #
####...o.5....@.........#### ##
###.....5....###########.....###.
#...#..####### ####.....#
.####...## ####..# ## ##...# #.##
###.5## #.# #.§...### #.#
##.......### #.# #..........##
..#


You could see an orc priest (ally target) and a friendly crimson imp (summoned).

Vanquished Creatures
  A bullfrog (D:4)
  Dowan (D:4)
  2 adders
  A worm (D:2)
  A dart slug (D:4)
  2 orcs (D:4)
  7 endoplasms
  2 giant cockroaches
  A goblin (D:2)
  4 hobgoblins
  13 jackals
  A kobold (D:2)
  3 quokkas
  A ball python (D:2)
  5 bats
  3 rats
48 creatures vanquished.

Vanquished Creatures (collateral kills)
  Duvessa (D:4)
  Ijyb (D:3)
  Terence (D:2)
  An adder (D:2)
  3 dart slugs
  2 orcs (D:4)
  2 bats
  2 endoplasms
  A jackal (D:2)
  4 kobolds
  A quokka (D:1)
  A ball python (D:2)
  2 frilled lizards
22 creatures vanquished.

Grand Total: 70 creatures vanquished

Notes
Turn   | Place    | Note
-------+----------+-------------------------------------------
     0 | D:1      | pkoi the Draconian Summoner began the quest for the Orb.
     0 | D:1      | Reached XP level 1. HP: 14/14 MP: 3/3
   295 | D:1      | Reached skill level 1 in Unarmed Combat
   365 | D:1      | Reached XP level 2. HP: 20/20 MP: 0/5
   368 | D:1      | Learned a level 2 spell: Call Imp
   794 | D:2      | Identified a scroll of acquirement
   794 | D:2      | Acquired a +4 ring of slaying
   801 | D:2      | Noticed Terence
   900 | D:2      | Found a faded altar of an unknown god.
  1029 | D:2      | Killed Terence
  1030 | D:2      | Reached XP level 3. HP: 18/26 MP: 3/6
  1255 | D:2      | Found Kuoxi's General Store.
  1259 | D:2      | Bought a potion of curing for 39 gold pieces
  1998 | D:2      | Found a runed translucent door.
  1999 | D:2      | Noticed Crazy Yiuf
  2108 | D:2      | Learned a level 3 spell: Call Canine Familiar
  2172 | D:2      | Reached XP level 4. HP: 33/33 MP: 7/7
  2515 | D:3      | Found an opulent altar of Gozag.
  2517 | D:3      | Noticed Ijyb
  2534 | D:3      | Killed Ijyb
  2535 | D:3      | Reached skill level 5 in Summonings
  3275 | D:4      | Reached XP level 5. HP: 25/38 MP: 1/8
  3580 | D:4      | Found a staircase to the Ecumenical Temple.
  3612 | Temple   | Entered the Ecumenical Temple
  3865 | Temple   | Became a worshipper of Makhleb the Destroyer
  3906 | D:4      | Noticed Duvessa
  3907 | D:4      | Noticed Dowan
  3925 | D:4      | Killed Duvessa
  3926 | D:4      | Reached skill level 1 in Invocations
  3935 | D:4      | Killed Dowan
  3936 | D:4      | Reached XP level 6. HP: 6/45 MP: 1/10
  3967 | D:4      | Killed from afar by an orc priest

Illustrated notes

Levels and vault maps discovered:
D:1:      amcnicky_arrival_abandoned_market, layout_basic
D:2:      layout_loops_corners, shapermc_ecumenical_altar_mp_urbaneastern,
          serial_shops, shop, minmay_box_of_dots, uniq_crazy_yiuf_cottage,
          uniq_terence
D:3:      layout_basic, nicolae_gozag_cash_rules_everything_around_me,
          minmay_three_crescents, uniq_ijyb
D:4:      layout_cave_pods, mainiacjoe_overflow_catwalk,
          minmay_temple_entry_large_hall, minmay_bisected, uniq_robin,
          uniq_menkaure, uniq_duvessa
Temple:   jpeg_temple_island

Skill      XL: |  1  2  3  4  5 |
---------------+----------------+-----
Unarmed Combat | 1 2 3 |  3.6
Summonings     | 5 |  5.5
Spellcasting   | 3 |  3.1
Invocations    | 1 |  1.2
Dodging        | |  1.7
Stealth        | |  1.7

Action                   |  1- 3 |  4- 6 || total
-------------------------+-------+-------++-------
Melee: Whip              |     6 |       ||     6
       Unarmed           |    80 |   108 ||   188
       Tailslap          |     5 |    10 ||    15
Throw: Dart              |     1 |     7 ||     8
 Cast: Summon Small Mamm |    38 |    11 ||    49
       Call Imp          |       |     9 ||     9
  Use: Scroll            |     5 |       ||     5
 Stab: Sleeping          |     1 |     1 ||     2
Armor: Skin              |    53 |    31 ||    84
Dodge: Dodged            |    89 |   106 ||   195
Block: Other             |       |    20 ||    20
